 Dungeon Crawl Stone Soup version 0.14.2 (webtiles) character file.

5650 dngmouse the Archer (level 10, -3/93 HPs)
             Began as a Centaur Hunter on May 31, 2015.
             Was a Believer of Fedhas.
             Slain by a yak (5 damage)
             ... on Level 10 of the Dungeon.
             The game lasted 01:22:44 (7999 turns).

dngmouse the Archer (Centaur Hunter)                Turns: 7999, Time: 01:22:44

HP  -3/93        AC  7     Str 16      XL: 10   Next: 38%
MP   7/7         EV 15     Int 10      God: Fedhas [**....]
Gold 330         SH  0     Dex 12      Spells:  0 memorised,  9 levels left

rFire  . . .     SeeInvis .     c - +2 bow (flame)
rCold  + . .     Clarity  .     L - +3 leather armour {rC+}
rNeg   . . .     Conserve .     (no shield)
rPois  .         rCorr    +     (no helmet)
rElec  .         rRot     .     (no cloak)
SustAb . .       Spirit   .     (no gloves)
rMut   .         Warding  .     (no barding)
Saprov . . .     Stasis   .     C - amulet of resist corrosion
MR     .....                    B - +6 ring of evasion
                                A - ring of sustenance

@: very quick, not resistant to hostile enchantments, very unstealthy
A: hooves 3, deformed body, herbivore 1, speed 2, fast metabolism 1, tough skin
3
a: Evolution, Sunlight, Renounce Religion


You were on level 10 of the Dungeon.
You worshipped Fedhas.
Fedhas was pleased with you.
You were hungry.

You visited 2 branches of the dungeon, and saw 11 of its levels.
You also visited: Sewer and Ossuary.

You collected 599 gold pieces.
You spent 269 gold pieces at shops.

Inventory:

Hand weapons
 a - a +2,+3 long sword of draining
 b - a cursed +1,+1 bow
 c - a +2,+2 bow of flame (weapon)
 Q - a cursed -1 blowgun
Missiles
 e - an arrow of frost (quivered)
 y - 2 poisoned darts
 P - 8 poisoned needles
Armour
 L - a +3 leather armour of cold resistance (worn)
 Z - a +0 pair of gloves
Magical devices
 J - a wand of enslavement (16) {unknown}
 T - a wand of polymorph (24) {unknown}
Comestibles
 f - 9 bread rations
 n - a choko
 o - a beef jerky
 q - 4 meat rations
 s - a lychee
 M - 3 rotting chunks of orc flesh
 R - a pear
 W - a rotting chunk of orc flesh
 Y - a chunk of adder flesh
Scrolls
 g - 4 scrolls of remove curse
 h - 7 scrolls of identify
 m - 7 scrolls of teleportation
 t - a scroll of fog
 D - 2 scrolls of magic mapping
 F - a scroll of enchant weapon I
 O - a scroll of summoning {unknown}
 S - a scroll of fear
 X - a scroll of enchant armour
Jewellery
 r - an uncursed ring of flight
 A - a ring of sustenance (left hand)
 B - a +6 ring of evasion (right hand)
 C - an amulet of resist corrosion (around neck)
Potions
 i - 2 potions of resistance {unknown}
 j - a potion of confusion {unknown}
 k - 2 potions of haste
 l - 12 potions of curing {unknown}
 p - 4 potions of heal wounds {unknown}
 u - 4 potions of magic {unknown}
 v - 2 potions of degeneration {unknown}
 w - 2 potions of flight {unknown}
 x - a potion of restore abilities {unknown}
 z - 3 potions of invisibility {unknown}
 E - 2 potions of mutation {unknown}
 G - 2 potions of might {unknown}
 H - 2 potions of poison {unknown}
 N - a potion of brilliance {unknown}
 U - a potion of lignification {unknown}
 V - a potion of berserk rage {unknown}
Books
 I - a book of Geomancy

   Spells                             Type                      Level
   Sandblast                          Earth                        1
   Stoneskin                          Transmutation/Earth          2
   Passwall                           Transmutation/Earth          3
   Stone Arrow                        Conjuration/Earth            3
   Petrify                            Transmutation/Earth          4
   Lee's Rapid Deconstruction         Earth                        5
 K - a book of Air

   Spells                             Type                      Level
   Shock                              Conjuration/Air              1
   Swiftness                          Charms/Air                   2
   Repel Missiles                     Charms/Air                   2
   Flight                             Charms/Air                   3
   Static Discharge                   Conjuration/Air              3
   Lightning Bolt                     Conjuration/Air              5


   Skills:
 + Level 9.8 Fighting
 - Level 6.1 Long Blades
 + Level 13.3 Bows
 - Level 1.5 Dodging
 - Level 0.5 Stealth


You had 9 spell levels left.
You didn't know any spells.

Dungeon Overview and Level Annotations

Branches:
Dungeon (10/15)            Temple (1/1) D:5
    Orc: D:9-12        Lair: D:8-11

Altars:
Ashenzari
Cheibriados
Dithmenos
Elyvilon
Fedhas
Kikubaaqudgha
Makhleb
Nemelex Xobeh
Sif Muna
Trog
Vehumet
Yredelemnul
Zin
The Shining One

Shops:
D:5 **(?


Innate Abilities, Weirdness & Mutations

You have hooves in place of feet.
Armour fits poorly on your strangely shaped body.
You digest meat inefficiently.
You cover ground very quickly.
You have a fast metabolism.
You have extremely tough skin (AC +3).


Message History

Aim: a yak (almost dead)
You shoot an arrow of frost. The arrow of frost hits the yak.
You kill the yak!
The yak barely misses you.
Unknown command.
Firing (i - inventory. (,) - cycle):
e - 3 arrows of frost (quivered)
Press: ? - help, Shift-Dir - straight line, f - yak
Aim: a yak You shoot an arrow of frost.
The arrow of frost hits the yak.
The yak gores you.
* * * LOW HITPOINT WARNING * * *
Unknown command.
Firing (i - inventory. (,) - cycle):
e - 2 arrows of frost (quivered)
Press: ? - help, Shift-Dir - straight line, f/p - yak
Aim: a yak You shoot an arrow of frost.
The arrow of frost hits the yak.
The yak is lightly wounded.
The yak gores you.
You die...
Fedhas appreciates your contribution to the ecosystem.

#......<..≈≈≈#
#...<.....≈≈≈#
#########.≈≈≈####≈.
#.≈≈≈≈≈≈≈≈.
#.≈≈≈≈≈≈≈≈.
#.≈;≈≈≈≈≈≈.
#.;;≈≈≈≈≈≈
#(........
#@........
#Y(.......
#.(...... ##.(.....
#.(..... .(....
..... .... .


You could see a yak, 2 sharks and a big fish.

Vanquished Creatures
  Joseph (D:9)
  The ghost of dngmouse the Skirmisher, an experienced DsCK of Xom (D:5)
  Psyche (D:9)
  A troll (D:9)
  A spriggan (D:7)
  2 hippogriffs (D:9)
  Eustachio (D:6)
  2 yaks (D:10)
  A necrophage (D:8)
  A water moccasin (D:8)
  4 orc warriors
  2 ice beasts
  A sky beast (D:9)
  3 ogres
  A phantom (D:7)
  Purgy (D:4)
  An elf zombie (Ossuary)
  A big kobold (Sewer)
  A gnoll sergeant (D:9)
  2 giant frogs
  3 quasits
  7 crimson imps
  2 centaur zombies (Ossuary)
  A goliath beetle (D:7)
  A centaur skeleton (D:7)
  A giant frog skeleton (D:8)
  3 human zombies
  An elf skeleton (D:8)
  A hound (D:6)
  10 orc wizards
  2 big fish
  4 orc priests
  6 worker ants
  A sky beast zombie (D:7)
  A big kobold zombie (Ossuary)
  A hound zombie (D:5)
  An ogre skeleton (D:7)
  3 mummies
  A worker ant zombie (D:6)
  5 green rats
  9 adders
  5 gnolls
  A giant mite (D:5)
  3 shadow imps
  A worm (D:7)
  An adder zombie (Ossuary)
  8 orc zombies
  An adder skeleton (D:4)
  A giant eyeball (D:5)
  6 giant geckos
  2 oozes
  34 orcs
  2 ball pythons
  A bat skeleton (D:5)
  5 goblins
  9 hobgoblins
  19 jackals
  3 quokkas
  15 bats
  8 giant cockroaches
  A giant gecko skeleton (D:4)
  8 giant newts
  A goblin zombie (Ossuary)
  A hobgoblin skeleton (D:7)
  11 hobgoblin zombies (Ossuary)
  2 jackal zombies (Ossuary)
  25 kobolds
  A kobold skeleton (D:4)
  7 kobold zombies (Ossuary)
  3 orc skeletons
  12 rats
  A rat skeleton (D:7)
  2 rat zombies (Ossuary)
293 creatures vanquished.

Vanquished Creatures (others)
  55 toadstools
55 creatures vanquished.

Grand Total: 348 creatures vanquished

Notes
Turn   | Place    | Note
--------------------------------------------------------------
     0 | D:1      | dngmouse, the Centaur Hunter, began the quest for the Orb.
     0 | D:1      | Reached XP level 1. HP: 16/16 MP: 1/1
    58 | D:1      | Reached XP level 2. HP: 23/23 MP: 2/2
   222 | D:1      | Reached XP level 3. HP: 20/29 MP: 3/3
   268 | D:1      | Reached skill level 6 in Bows
   597 | D:2      | Found a snail-covered altar of Cheibriados.
   878 | D:2      | Reached XP level 4. HP: 25/37 MP: 3/3
  1091 | D:3      | Found a glowing drain.
  1118 | Sewer    | Entered a sewer
  1132 | Sewer    | Reached skill level 7 in Bows
  1402 | Sewer    | Reached XP level 5. HP: 45/45 MP: 4/4
  1439 | Sewer    | Noticed a big kobold
  1453 | Sewer    | Killed a big kobold
  1479 | Sewer    | Found a white marble altar of Elyvilon.
  1629 | D:3      | Reached XP level 6. HP: 19/52 MP: 5/5
  2432 | D:4      | Reached skill level 8 in Bows
  2674 | D:4      | Noticed Purgy
  2685 | D:4      | Killed Purgy
  2820 | D:4      | Reached skill level 5 in Fighting
  2824 | D:4      | Reached XP level 7. HP: 25/61 MP: 5/5
  2997 | D:5      | Entered Level 5 of the Dungeon
  2997 | D:5      | Found Awaelea's General Store.
  2997 | D:5      | Noticed dngmouse's ghost (experienced DsCK)
  3441 | D:4      | Reached skill level 9 in Bows
  3532 | D:5      | Found a staircase to the Ecumenical Temple.
  3562 | D:5      | Found a bloodstained altar of Trog.
  3562 | D:5      | Found Mivval's Assorted Antiques.
  3609 | D:5      | Paralysed by dngmouse's ghost for 4 turns
  3613 | D:5      | Killed dngmouse's ghost
  3640 | Temple   | Entered the Ecumenical Temple
  3839 | Temple   | Became a worshipper of Fedhas Madash
  3947 | D:5      | Found Weaqik's Antique Weapon Boutique.
  3995 | D:5      | Found Straff's Magic Scroll Shoppe.
  4044 | D:5      | Bought a scroll of enchant weapon II for 82 gold pieces
  4069 | D:5      | Reached XP level 8. HP: 67/70 MP: 6/6
  4108 | D:5      | Bought a +1,+1 bow of flame for 187 gold pieces
  4299 | D:5      | Found an ancient bone altar of Kikubaaqudgha.
  4626 | D:6      | Noticed Eustachio
  4656 | D:6      | Killed Eustachio
  4656 | D:6      | Reached skill level 10 in Bows
  4828 | D:6      | Acquired Fedhas' first power
  5419 | D:7      | Found a shadowy altar of Dithmenos.
  5428 | D:7      | Reached skill level 11 in Bows
  5428 | D:7      | Reached XP level 9. HP: 79/79 MP: 7/7
  5982 | D:7      | Reached skill level 5 in Long Blades
  6162 | D:8      | Found a basalt altar of Yredelemnul.
  6274 | D:8      | Found a sand-covered staircase.
  6281 | Ossuary  | Entered an ossuary
  7233 | D:9      | Noticed Psyche
  7236 | D:8      | Reached skill level 12 in Bows
  7303 | D:9      | Acquired Fedhas' second power
  7309 | D:9      | Killed Psyche
  7505 | D:9      | Noticed Joseph
  7513 | D:9      | Reached XP level 10. HP: 85/91 MP: 7/7
  7526 | D:9      | Killed Joseph
  7766 | D:9      | Found a deep blue altar of Sif Muna.
  7881 | D:9      | Reached skill level 13 in Bows
  7971 | D:10     | Entered Level 10 of the Dungeon
  7996 | D:10     | HP: 4/92 [yak (11)]
  7999 | D:10     | Slain by a yak

Action                   |  1- 3 |  4- 6 |  7- 9 | 10-12 || total
-------------------------+-------+-------+-------+-------++-------
Melee: Short sword       |    47 |    54 |       |       ||   101
       Long sword        |       |    12 |    63 |    11 ||    86
 Fire: Bow               |    73 |   132 |   410 |    57 ||   672
Throw: Dart              |       |       |     2 |     2 ||     4
  Use: Scroll            |       |     4 |    10 |       ||    14
